 Dungeon Crawl Stone Soup version 0.30-a0-879-ga8ba668304 (webtiles) character file.

Game seed: 15308111554344519935

1185 pokeman the Thaumaturge (level 8, 0/43 HPs)
             Began as a Deep Elf Hedge Wizard on Mar 12, 2023.
             Slain by an ogre
             ... wielding a +0 giant club
              (25 damage)
             ... on level 5 of the Dungeon.
             The game lasted 00:10:14 (4405 turns).

pokeman the Thaumaturge (Deep Elf Hedge Wizard)     Turns: 4405, Time: 00:10:15

Health: 0/43       AC:  3    Str:  7    XL:     8   Next: 19%
Magic:  6/23       EV: 13    Int: 28    God:
Gold:   47         SH:  0    Dex: 14    Spells: 14/25 levels left

rFire   . . .      SeeInvis .    C - +1 whip (elec)
rCold   . . .      Faith    .    (no shield)
rNeg    . . .      Spirit   .    b - +0 robe
rPois   .          Reflect  .    c - +0 hat
rElec   .          Rampage  .    l - +0 cloak
rCorr   .                        (no gloves)
Will    .....                    (no boots)
Stlth   ++                       u - amulet of the acrobat
HPRegen 0.27/turn                m - +6 ring of intelligence
MPRegen 0.18/turn                v - +4 ring of slaying

@: no status effects
A: no striking features
a: no special abilities


You were on level 5 of the Dungeon.
You visited 1 branch of the dungeon, and saw 5 of its levels.

You collected 277 gold pieces.
You spent 230 gold pieces at shops.

Inventory:

Hand Weapons
 C - a +1 whip of electrocution (weapon)
Missiles
 q - 4 curare-tipped darts
Armour
 b - a +0 robe (worn)
 c - a +0 hat (worn)
 j - the +0 ring mail "Teloso" {*Corrode rC++ Int+3}
   (You found it on level 2 of the Dungeon)

   Int:       It affects your intelligence (+3).
   rC:        It greatly protects you from cold.
   *Corrode:  It may corrode you when you take damage.
 l - a +0 cloak (worn)
Magical Staves
 a - a staff of poison
Jewellery
 m - a +6 ring of intelligence (left hand)
 r - a ring of resist corrosion
 u - an amulet of the acrobat (around neck)
 v - a +4 ring of slaying (right hand)
 D - a +6 ring of intelligence
Scrolls
 f - a scroll of immolation {unknown}
 h - 2 scrolls of magic mapping
 k - 4 scrolls of identify
 o - 2 scrolls of fear {unknown}
 s - a scroll of amnesia {unknown}
 w - 2 scrolls of fog {unknown}
 x - a scroll of vulnerability {unknown}
 y - a scroll of silence {unknown}
 z - a scroll of enchant weapon {unknown}
 A - a scroll of enchant armour {unknown}
 B - a scroll of poison {unknown}
 E - a scroll of teleportation
Potions
 d - a potion of magic
 e - a potion of heal wounds {unknown}
 g - 3 potions of degeneration {unknown}
 i - a potion of flight {unknown}
 n - a potion of lignification {unknown}
 p - a potion of curing {unknown}
 t - a potion of berserk rage {unknown}


   Skills:
 - Level 1.0 Fighting
 - Level 1.0 Armour
 - Level 3.0 Dodging
 - Level 3.0 Stealth
 + Level 1.9 Shields
 * Level 9.2 Spellcasting
 + Level 4.8 Conjurations
 - Level 1.1 Summonings
 - Level 1.1 Translocations
 - Level 1.0 Air Magic
 + Level 3.0 Earth Magic
 - Level 2.0 Poison Magic
 - Level 2.0 Evocations


You had 14 spell levels left.
You knew the following spells:

 Your Spells              Type           Power      Damage    Failure   Level
a - Magic Dart            Conj           100%       1d8       1%          1
b - Mephitic Cloud        Conj/Pois/Air  27%        N/A       4%          3
c - Call Imp              Summ           19%        N/A       4%          2
d - Blink                 Tloc           38%        N/A       4%          2
e - Stone Arrow           Conj/Erth      70%        3d11      2%          3

Your spell library contained the following spells:

 Spells                   Type           Power      Damage    Failure   Level
 Sandblast                Erth           60%        2d14      1%          1
 Searing Ray              Conj           78%        2d7       1%          2
 Passwall                 Tmut/Erth      17%        N/A       3%          2
 Freeze                   Ice            48%        1d6       4%          1
 Slow                     Hex            48%        N/A       4%          1
 Cigotuvi's Dreadful Rot  Necr/Pois/Air  36%        N/A       4%          2
 Hailstorm                Conj/Ice       26%        3d7       4%          3
 Frozen Ramparts          Ice            24%        1d4       13%         3
 Fulminant Prism          Conj/Hex       13%        3d8       16%         4


Dungeon Overview and Level Annotations

Branches:
Dungeon (5/15)
 Temple: D:4-7

Altars:
Kikubaaqudgha
Yredelemnul

Shops:
D:1 (   D:2 ?


Message History

Confirm with . or Enter, or press ? or * to list all spells.
Aiming: Magic Dart (safe; 1% risk of failure)
Press: ? - help, Shift-Dir - straight line, f/p - ice beast
Aim: an ice beast (severely wounded, 100% to hit)
The magic dart hits the ice beast but does no damage.
The ice beast is severely wounded.
Casting: Magic Dart (safe; 1% risk of failure)
Confirm with . or Enter, or press ? or * to list all spells.
Aiming: Magic Dart (safe; 1% risk of failure)
Press: ? - help, Shift-Dir - straight line, f/p - ice beast
Aim: an ice beast (severely wounded, 100% to hit)
The magic dart hits the ice beast.
The ice beast is almost dead.
The ice beast closely misses you.
Casting: Magic Dart (safe; 1% risk of failure)
Confirm with . or Enter, or press ? or * to list all spells.
Aiming: Magic Dart (safe; 1% risk of failure)
Press: ? - help, Shift-Dir - straight line, f/p - ice beast
Aim: an ice beast (almost dead, 100% to hit)
The magic dart hits the ice beast.
You kill the ice beast!
Your Earth Magic skill increases to level 3!
Unknown command.
Casting: Magic Dart (safe; 1% risk of failure)
Confirm with . or Enter, or press ? or * to list all spells.
Aiming: Stone Arrow (dangerous; 2% risk of failure)
Press: ? - help, Shift-Dir - straight line, f - ogre
Aim: an ogre, wielding a +0 giant club (88% to hit)
The stone arrow hits the ogre!
The ogre is moderately wounded.
The ogre hits you with a +0 giant club!
Casting: Stone Arrow (dangerous; 2% risk of failure)
Confirm with . or Enter, or press ? or * to list all spells.
Aiming: Stone Arrow (dangerous; 2% risk of failure)
Press: ? - help, Shift-Dir - straight line, f/p - ogre
Aim: an ogre, wielding a +0 giant club (moderately wounded, 88% to hit)
The stone arrow misses the ogre.
The ogre hits you with a +0 giant club!!
Ouch! That really hurt!
You die...

#.#....#O# # #
#.#^.###.#####.
#.#...Y........#
#.#....#.####.Y#
#.####)#.# #
#.#>...#.#
#.##.#.##.#.#
#....O..#.#.#
####@#..#.#.#
#.#....#.#
#.#....#
#.###....# #.#
#.##.# ..# #..
## ### ###. .# #


You could see an ogre.

Vanquished Creatures
  Pikel (D:4)
  Grinder (D:4)
  Menkaure (D:4)
  An ice beast (D:5)
  A scorpion (D:4)
  A jelly (D:4)
  2 orc priests
  2 orc wizards (D:3)
  3 adders
  3 dart slugs
  3 worms
  14 orcs
  7 endoplasms
  3 giant cockroaches
  5 goblins
  2 hobgoblins
  2 jackals (D:3)
  4 quokkas
  6 ball pythons
  5 bats
  3 frilled lizards
  A kobold (D:1)
  11 rats
82 creatures vanquished.

Notes
Turn   | Place    | Note
-------+----------+-------------------------------------------
     0 | D:1      | pokeman the Deep Elf Hedge Wizard began the quest for the
                  | Orb.
     0 | D:1      | Reached XP level 1. HP: 10/10 MP: 7/7
   354 | D:1      | Reached XP level 2. HP: 16/16 MP: 2/9
   477 | D:1      | Found Ebroakis's Weapon Boutique.
   965 | D:1      | Reached skill level 5 in Spellcasting
  1111 | D:1      | Reached XP level 3. HP: 20/20 MP: 8/11
  1115 | D:1      | Learned a level 3 spell: Mephitic Cloud
  1118 | D:1      | Learned a level 2 spell: Call Imp
  1121 | D:1      | Learned a level 2 spell: Blink
  1125 | D:1      | Learned a level 3 spell: Stone Arrow
  1492 | D:2      | Found Zoppoufe's Magic Scroll Emporium.
  1613 | D:2      | Bought a scroll of magic mapping for 75 gold pieces
  1640 | D:2      | Identified the +0 ring mail "Teloso" {*Corrode rC++ Int+3}
  1713 | D:2      | Reached skill level 1 in Armour
  1746 | D:2      | Reached skill level 1 in Fighting
  2176 | D:2      | Reached XP level 4. HP: 25/25 MP: 9/13
  2661 | D:3      | Found a basalt altar of Yredelemnul.
  2847 | D:3      | Reached skill level 6 in Spellcasting
  2847 | D:3      | Reached XP level 5. HP: 20/29 MP: 9/15
  3271 | D:4      | Reached skill level 1 in Air Magic
  3271 | D:4      | Reached skill level 1 in Earth Magic
  3412 | D:4      | Noticed Grinder
  3433 | D:4      | Killed Grinder
  3434 | D:4      | Reached skill level 7 in Spellcasting
  3434 | D:4      | Reached skill level 1 in Poison Magic
  3434 | D:4      | Reached skill level 1 in Evocations
  3434 | D:4      | Reached XP level 6. HP: 33/34 MP: 3/18
  3531 | D:4      | Found an ancient bone altar of Kikubaaqudgha.
  3531 | D:4      | Noticed Menkaure
  3538 | D:4      | Killed Menkaure
  3539 | D:4      | Reached XP level 7. HP: 21/38 MP: 14/20
  3691 | D:4      | Noticed Pikel
  3714 | D:4      | Killed Pikel
  3715 | D:4      | Reached skill level 1 in Shields
  3715 | D:4      | Reached skill level 8 in Spellcasting
  3715 | D:4      | Reached XP level 8. HP: 36/43 MP: 1/22
  3737 | D:4      | Reached skill level 9 in Spellcasting
  4151 | D:5      | Entered Level 5 of the Dungeon
  4316 | D:2      | Bought a scroll of magic mapping for 75 gold pieces
  4316 | D:2      | Bought a scroll of identify for 20 gold pieces
  4316 | D:2      | Bought a scroll of identify for 20 gold pieces
  4316 | D:2      | Bought a scroll of teleportation for 30 gold pieces
  4316 | D:2      | Bought a scroll of noise for 10 gold pieces
  4405 | D:5      | Slain by an ogre

Illustrated notes

Levels and vault maps discovered:
D:1:      dpeg_arrival_renting, layout_loops_corners, serial_shops,
          nicolae_shop_bloodbath_and_beyond, minivault_26
D:2:      layout_rooms, serial_shops, shop_fountains,
          nicolae_concentric_dashed_squares_mild, st_stairs_2
D:3:      layout_loops_cross, marbit_many_paths
D:4:      layout_cave_pools, lemuel_round_altar, uniq_pikel, uniq_grinder,
          uniq_menkaure
D:5:      layout_basic, minmay_temple_entry_mini_moons, uniq_edmund

Skill      XL: |  1  2  3  4  5  6  7  8 |
---------------+-------------------------+-----
Spellcasting   | 5 6 7 8 9 |  9.2
Conjurations   | 2 3 4 |  4.8
Armour         | 1 |  1.0
Fighting       | 1 |  1.0
Dodging        | 3 |  3.0
Stealth        | 3 |  3.0
Air Magic      | 1 |  1.0
Earth Magic    | 1 2 3 |  3.0
Poison Magic   | 1 2 |  2.0
Evocations     | 1 2 |  2.0
Shields        | 1 |  1.9
Summonings     | |  1.1
Translocations | |  1.1

Action                     |  1- 3 |  4- 6 |  7- 9 || total
---------------------------+-------+-------+-------++-------
  Melee: Dagger            |       |    41 |    30 ||    71
         Punch             |       |       |     1 ||     1
         Whip              |       |       |     2 ||     2
   Cast: Magic Dart        |   104 |    57 |    31 ||   192
         Mephitic Cloud    |       |     3 |     8 ||    11
         Call Imp          |       |     2 |     2 ||     4
         Stone Arrow       |       |       |     2 ||     2
   Stab: Confused          |       |     3 |     2 ||     5
 Armour: Robe              |     5 |    12 |     5 ||    22
  Dodge: Dodged            |    12 |     6 |    21 ||    39

Table legend: (Time is in decaauts)
 A = Elapsed time spent in this place.
 B = Non-inter-level travel time spent in this place.
 C = Inter-level travel time spent in this place.
 D = Time resting spent in this place.
 E = Time spent auto-exploring this place.
 F = Levels seen in this place.
 G = Mean time per level.
                   A        B        C        D        E       F      G
               +--------+--------+--------+--------+--------+-----+--------+
         Total |   4403 |   4156 |    247 |    134 |   3494 |   5 |  880.6 |
       Dungeon |   4403 |   4156 |    247 |    134 |   3494 |   5 |  880.6 |
               +--------+--------+--------+--------+--------+-----+--------+

Top non-repeatable levels by time:
     D:1: 1491 daAuts
     D:4: 981 daAuts
     D:2: 894 daAuts
     D:3: 866 daAuts
     D:5: 169 daAuts
